 Dungeon Crawl Stone Soup version 0.25-a0-435-g4b9beb1024 (webtiles) character file.

Game seed: 9460498918768159377, levelgen mode: deterministic

86 Elellon the Conjurer (level 4, 0/24 HPs)
             Began as a Deep Elf Conjurer on Jan 27, 2020.
             Succumbed to a scorpion's poison
             ... on level 2 of the Dungeon.
             The game lasted 00:01:45 (1200 turns).

Elellon the Conjurer (Deep Elf Conjurer)            Turns: 1200, Time: 00:01:46

Health: 0/24       AC:  2    Str: 11    XL:     4   Next: 26%
Magic:  10/21      EV: 12    Int: 20    God:
Gold:   36         SH:  4    Dex: 15    Spells: 9/12 levels left

rFire    . . .     SeeInvis .   (no weapon)
rCold    . . .     Gourm    .   l - +0 buckler
rNeg     . . .     Faith    .   a - +0 robe
rPois    .         Spirit   .   (no helmet)
rElec    .         Reflect  .   (no cloak)
rCorr    .         Harm     .   (no gloves)
MR       .....                  (no boots)
Stlth    ++........             (no amulet)
HPRegen  0.08/turn              e - ring of magical power
MPRegen  0.17/turn              (no ring)

@: mighty, lethally poisoned (0 -> -8), hasted, very quick
A: no striking features
a: no special abilities


You were on level 2 of the Dungeon.
You were not hungry.

You visited 1 branch of the dungeon, and saw 2 of its levels.

You collected 36 gold pieces.

Inventory:

Armour
 a - a +0 robe (worn)
 l - a +0 buckler (worn)
Jewellery
 e - a ring of magical power (left hand)
Scrolls
 b - 2 scrolls of remove curse {unknown}
 g - a scroll of amnesia {unknown}
 j - a scroll of noise {unknown}
 k - a scroll of identify {unknown}
Comestibles
 c - 4 rations
 h - a chunk of flesh


   Skills:
 - Level 2.4 Dodging
 - Level 2.4 Stealth
 + Level 1.0 Shields
 + Level 4.6 Spellcasting
 + Level 5.3 Conjurations


You had 9 spell levels left.
You knew the following spells:

 Your Spells              Type           Power        Failure   Level  Hunger
a - Magic Dart            Conj           ####         1%          1    None
b - Searing Ray           Conj           ####..       3%          2    #......

Your spell library contained the following spells:

 Spells                   Type           Power        Failure   Level  Hunger
 Dazzling Flash           Conj/Hex       ###...       19%         3    ##.....
 Fulminant Prism          Conj/Hex       ###.......   52%         4    ####...
 Iskenderun's Mystic Bla  Conj/Tloc      ###.....     52%         4    ####...


Dungeon Overview and Level Annotations

Branches:
Dungeon (2/15)

Altars:
Qazlal


Message History

You feel very mighty all of a sudden.
It was a potion of haste.
You feel yourself speed up.
* * * LOW HITPOINT WARNING * * *
You feel sick.
There is a lethal amount of poison in your body!
* * * LOW HITPOINT WARNING * * *
You feel sick.
* * * LOW HITPOINT WARNING * * *
You feel sick.
Some of the chunks of flesh in your inventory have rotted away.
* * * LOW HITPOINT WARNING * * *
You feel sick.
There is an open door here.
You see here a scorpion corpse.
Drop what? 10/52 slots (_ for help) (? for menu, Esc to quit)
You drop a scroll labeled TOROUQ FEIFF.
* * * LOW HITPOINT WARNING * * *
You feel sick.
Unknown command.
You die...

###.#..........
####.#.###...#...#
.##......##.........
...........#####################
.##.#...####.........##.#...#..##
#.##.## #.......# #..........
#.######## #....?# ######.#.#.
#........# #†..# ####.#.#.
#..#####.# #@# #......#.
#..#####.# #.# #.##.###.
#.....##.# #.# #.##.###.
##.......#####.### #.##.....
####............### #.#######
########.......# #.#
#.....#.####.# #.#.#........#
#.#####.######


There were no monsters in sight!

Vanquished Creatures
  A scorpion (D:2)
  A gnoll (D:1)
  2 dart slugs (D:1)
  A leopard gecko (D:1)
  2 ball pythons (D:1)
  A giant cockroach (D:2)
  2 goblins (D:1)
  2 hobgoblins
  A quokka (D:2)
  5 bats
  2 frilled lizards
  6 kobolds (D:1)
26 creatures vanquished.

Notes
Turn   | Place    | Note
-------+----------+-------------------------------------------
     0 | D:1      | Elellon the Deep Elf Conjurer began the quest for the Orb.
     0 | D:1      | Reached XP level 1. HP: 10/10 MP: 6/6
   316 | D:1      | Reached XP level 2. HP: 15/15 MP: 8/8
   741 | D:1      | Reached skill level 5 in Conjurations
   741 | D:1      | Reached XP level 3. HP: 19/19 MP: 10/10
   968 | D:2      | Learned a level 2 spell: Searing Ray
  1026 | D:2      | Found a stormy altar of Qazlal.
  1177 | D:2      | Noticed a scorpion
  1189 | D:2      | Killed a scorpion
  1189 | D:2      | Reached skill level 1 in Shields
  1189 | D:2      | Reached XP level 4. HP: 6/24 MP: 8/12
  1196 | D:2      | HP: 1/24 [poisoned by a scorpion]
  1200 | D:2      | Succumbed to a scorpion's poison

Levels and vault maps discovered:
D:1:      evilmike_arrival_rings, layout_rooms
D:2:      layout_loops_corners, nicolae_qazlal_eye_of_the_storm,
          lemuel_doored_altar, lemuel_coloured_pillars_altar

Skill      XL: |  1  2  3 |
---------------+----------+-----
Spellcasting   | 4 |  4.6
Conjurations   | 5 |  5.3
Shields        | 1 |  1.0
Dodging        | |  2.4
Stealth        | |  2.4

Action                   |  1- 3 |  4- 6 || total
-------------------------+-------+-------++-------
 Cast: Magic Dart        |    59 |     1 ||    60
  Use: Potion            |       |     2 ||     2
  Eat: Chunk             |     1 |       ||     1
Armor: Robe              |     2 |       ||     2
Dodge: Dodged            |     6 |       ||     6

Table legend:
 A = Non-vault XP
 B = Vault XP
 C = Vault XP percentage of total XP
 D = Non-vault monster count
 E = Vault monster count
 F = Vault count percentage of total count
                 A         B        C        D         E       F
            +---------+---------+-------+---------+---------+-------
      Total |     123 |       0 |   0.0 |      26 |       0 |   0.0
            +---------+---------+-------+---------+---------+-------
        D:1 |      47 |       0 |   0.0 |      20 |       0 |   0.0
        D:2 |      76 |       0 |   0.0 |       6 |       0 |   0.0
            +---------+---------+-------+---------+---------+-------
